 Dungeon Crawl Stone Soup version 0.31.0-9-g3a7656b989 (webtiles) character file.

Game seed: 6281911736171969232

112 qw the Shooter (level 4, 0/22 HPs)
             Began as a Spriggan Hunter on Feb 2, 2024.
             Succumbed to Robin's poison
             ... on level 3 of the Dungeon.
             The game lasted 00:00:05 (1559 turns).

qw the Shooter (Spriggan Hunter)                    Turns: 1559, Time: 00:00:06

Health: 0/22       AC:  5    Str:  7    XL:     4   Next: 63%
Magic:  5/5        EV: 20    Int: 10    God:
Gold:   98         SH:  0    Dex: 21    Spells: 3/3 levels left

rFire   . . .        a - +1 shortbow
rCold   . . .        (shield currently unavailable)
rNeg    . . .        c - +0 robe
rPois   .            (helmet restricted)
rElec   .            g - +2 cloak
rCorr   .            (gloves unavailable)
SInv    +            (boots unavailable)
Will    .....        d - amulet of regeneration
Stlth   ++           h - +1 ring of dexterity
HPRegen 1.03/turn    (no ring)
MPRegen 0.09/turn

%: no passive effects
@: lethally poisoned (0 -> -2), very quick
A: very small, no large weapons, unfitting armour, see invisible, speed 3
a: no special abilities


You were on level 3 of the Dungeon.
You visited 1 branch of the dungeon, and saw 3 of its levels.

You collected 118 gold pieces.
You spent 20 gold pieces at shops.


Innate Abilities, Weirdness & Mutations

You are very small and have problems with some larger weapons.
You are too small for most types of armour.
You have supernaturally acute eyesight. (SInv)
You cover ground extremely quickly. (Speed+++)


   Skills:
 - Level 1.5 Fighting
 - Level 5.3 Ranged Weapons
 + Level 4.7 Dodging
 - Level 1.5 Stealth


You had 3 spell levels left.
You didn't know any spells.
Your spell library was empty.

Inventory:

Hand Weapons
 a - a +1 shortbow (weapon)
Armour
 c - a +0 robe (worn)
 g - a +2 cloak (worn)
 j - a scarf of repulsion
Jewellery
 d - an amulet of regeneration (around neck)
 h - a +1 ring of dexterity (left hand)
Wands
 b - a wand of roots (7)
 o - a wand of paralysis (12)
Scrolls
 l - a scroll of brand weapon {unknown}
Potions
 e - a potion of haste
 f - 2 potions of curing
 i - a potion of degeneration {unknown}
 k - a potion of magic {unknown}
 m - a potion of berserk rage {unknown}
 n - a potion of heal wounds {unknown}
 p - 2 potions of attraction {unknown}

Dungeon Overview and Level Annotations

Branches:
Dungeon (3/15)

Altars:
Cheibriados
Makhleb

Shops:
D:1 =

Annotations:
D:2 1 runed translucent door, Crazy Yiuf
D:3 Robin


Message History

The adder misses you.
Robin roars a battlecry!
The hobgoblins go into a battle-frenzy!
The hobgoblin misses you. The giant cockroach closely misses you.
The adder closely misses you.
You shoot an arrow. The arrow hits the adder!
You kill the adder!
The hobgoblin barely misses you. Robin barely misses you.
The giant cockroach completely misses you.
The hobgoblin barely misses you. Robin closely misses you.
The hobgoblin misses you.
You shoot an arrow. The arrow closely misses the hobgoblin.
The giant cockroach closely misses you. The hobgoblin misses you.
The hobgoblin completely misses you. Robin closely misses you.
The giant cockroach completely misses you.
You shoot an arrow. The arrow hits the hobgoblin.
The hobgoblin is almost dead.
The giant cockroach misses you. The hobgoblin misses you. x2
Robin hits you but does no damage.
You are poisoned.
You shoot an arrow. The arrow hits the hobgoblin.
You kill the hobgoblin!
You feel very sick. The giant cockroach misses you.
Robin hits you from afar with a +2 spear of venom.
You are lethally poisoned!
The hobgoblin misses you.
You shoot an arrow.
The arrow completely misses the giant cockroach.
You feel very sick. The giant cockroach misses you. Robin barely misses you.
The hobgoblin barely misses you. The giant cockroach misses you.
You shoot an arrow.
The arrow barely misses the giant cockroach.
You feel very sick. The hobgoblin misses you. Robin barely misses you.
The giant cockroach misses you.
You shoot an arrow. The arrow hits the giant cockroach.
You kill the giant cockroach!
You die...

.............#####......#
..# #
..........#......#......
.
..........#.##.<........
.._............#..##.#.##
#.)............#.##......
#......................#
#.........)#...........#
#............###)).....#
##...<.[.##.. #@)#......
##...........gg%).......
.....................#
........##......
......### #..... .....#
.#.# ..).. #.. ##...


You could see Robin and a hobgoblin (strong).

Vanquished Creatures
  A jelly (D:3)
  Terence (D:2)
  An adder (D:3)
  A ribbon worm (D:3)
  2 dart slugs
  3 endoplasms (D:2)
  3 giant cockroaches
  7 goblins (D:3)
  5 hobgoblins
  3 kobolds
  4 ball pythons
  6 bats
  4 rats
41 creatures vanquished.

Notes
Turn   | Place    | Note
-------+----------+-------------------------------------------
     0 | D:1      | qw the Spriggan Hunter began the quest for the Orb.
     0 | D:1      | Reached XP level 1. HP: 10/10 MP: 2/2
     0 | D:1      | 0 ||| qw: Version: 0.3-a-155-g5e7d8dd
     0 | D:1      | 0 ||| qw: Game counter: 1778
     0 | D:1      | 0 ||| qw: Melee chars always use a shield: true
     0 | D:1      | 0 ||| qw: God list: Okawaru
     0 | D:1      | 0 ||| qw: Allow faded altars: false
     0 | D:1      | 0 ||| qw: Do Orc after clearing Dungeon:15 true
     0 | D:1      | 0 ||| qw: Do second Lair branch before Depths: true
     0 | D:1      | 0 ||| qw: Lair rune preference: random
     0 | D:1      | 0 ||| qw: Goals: Normal
     0 | D:1      | 0 ||| PLANNING D:1-11
    66 | D:1      | Reached skill level 3 in Dodging
    66 | D:1      | Found a faded altar of an unknown god.
   157 | D:1      | Reached XP level 2. HP: 14/14 MP: 3/3
   291 | D:1      | Found Exzergh's One-of-a-Kind Rings.
   302 | D:1      | 302 ||| BUYING +1 ring of dexterity (20 gold).
   302 | D:1      | Bought a +1 ring of dexterity for 20 gold pieces
   302 | D:1      | 302 ||| SHOPLISTING +2 ring of protection (100 gold, have
                  | 18).
   302 | D:1      | 302 ||| SHOPLISTING +2 ring of strength (30 gold, have 18).
   302 | D:1      | 302 ||| SHOPLISTING +5 ring of protection (550 gold, have
                  | 18).
   302 | D:1      | 302 ||| SHOPLISTING +9 ring of strength (780 gold, have
                  | 18).
   302 | D:1      | 302 ||| SHOPLISTING ring "Godwuc" {rPois rN+} (312 gold,
                  | have 18).
   302 | D:1      | 302 ||| SHOPLISTING ring of the Viny Breadfruit {Fly AC+4
                  | Dex+4} (535 gold, have 18).
   508 | D:1      | 508 ||| UPGRADING to +0 cloak.
   513 | D:1      | 513 ||| UPGRADING to amulet of regeneration.
   518 | D:1      | 518 ||| UPGRADING to +1 ring of dexterity.
   519 | D:1      | 519 ||| READING scroll labelled WANKAH WAGISHO.
   522 | D:1      | 522 ||| READING scroll labelled HIAN LOLUGO.
   522 | D:1      | 522 ||| ENCHANTING +0 cloak.
   523 | D:1      | 523 ||| DROPPING scroll of butterflies.
   616 | D:2      | Noticed Terence
   631 | D:2      | Killed Terence
   632 | D:2      | Reached XP level 3. HP: 11/18 MP: 4/4
   760 | D:2      | Identified the +0 robe "Xugiste Etto" {Int+3}
   830 | D:2      | Found a burning altar of Makhleb.
  1023 | D:2      | Found a runed translucent door.
  1024 | D:2      | Noticed Crazy Yiuf
  1343 | D:2      | 1343 ||| DROPPING +0 robe "Xugiste Etto" {Int+3}.
  1344 | D:2      | 1344 ||| READING scroll labelled TIXOAR ZIGRUER.
  1345 | D:2      | 1345 ||| READING scroll labelled COCWAE ELLIOCVI.
  1345 | D:2      | 1345 ||| IDENTIFYING green potion
  1346 | D:2      | 1346 ||| READING scroll labelled ARHOCIH XUYLU.
  1346 | D:2      | 1346 ||| ENCHANTING +0 shortbow.
  1347 | D:2      | 1347 ||| DRINKING 2 bubbling clear potions.
  1459 | D:3      | Reached skill level 5 in Ranged Weapons
  1459 | D:3      | Reached XP level 4. HP: 22/22 MP: 5/5
  1476 | D:3      | Found a snail-covered altar of Cheibriados.
  1487 | D:3      | 1487 ||| READING scroll of enchant armour.
  1487 | D:3      | 1487 ||| ENCHANTING +1 cloak.
  1530 | D:3      | Noticed Robin
  1557 | D:3      | HP: 3/22 [poisoned by Robin]
  1558 | D:3      | HP: 1/22 [poisoned by Robin]
  1559 | D:3      | Succumbed to Robin's poison

Levels and vault maps discovered:
D:1:      heliophobic_arrival_battle_scene, layout_rooms,
          shapermc_ecumenical_altar_pompeii, nicolae_shop_unique_rings,
          amcnicky_mini_rare_corridor_liquid
D:2:      layout_basic, basic_altar, minmay_misc_feat_roman, minmay_between,
          uniq_crazy_yiuf_cottage, uniq_terence
D:3:      layout_rooms, cheibriados_altar_1, uniq_robin

Skill      XL: |  1  2  3 |
---------------+----------+-----
Dodging        | 3 4 |  4.7
Ranged Weapons | 5 |  5.3
Fighting       | |  1.5
Stealth        | |  1.5

Action                     |  1- 3 |  4- 6 || total
---------------------------+-------+-------++-------
   Fire: Shortbow          |    77 |    37 ||   114
    Use: Scroll            |     5 |     1 ||     6
         Potion            |     1 |       ||     1
 Armour: Robe              |     9 |    19 ||    28
  Dodge: Dodged            |    30 |    95 ||   125

Table legend:
 A = Non-vault XP
 B = Vault XP
 C = Vault XP percentage of total XP
 D = Non-vault monster count
 E = Vault monster count
 F = Vault count percentage of total count
                 A         B        C        D         E       F
            +---------+---------+-------+---------+---------+-------
      Total |      99 |      63 |  38.9 |      26 |      15 |  36.6
            +---------+---------+-------+---------+---------+-------
        D:1 |      17 |       0 |   0.0 |      10 |       0 |   0.0
        D:2 |      16 |      44 |  73.3 |       9 |       5 |  35.7
        D:3 |      66 |      19 |  22.4 |       7 |      10 |  58.8
            +---------+---------+-------+---------+---------+-------
